[ AOE2 MATCH · #506775104 ]
UnrankedCumans vs Tatars
Player's team · LOSS
Rival team · WIN
[ REPLAY ANALYSIS · EXTRACTED FROM THE RECORDED GAME ]
Feudal
9:12
Castle
—
Imperial
—
| APM avg | 50.2 |
| APM peak | 92 |
| eAPM avg | 31.3 |
| Villagers / military | 68 / 12 |
Focus
⚔️ 44.0% · 🌾 56.0%
Scout Cavalry ×9 · Skirmisher ×3
Feudal
8:53
Castle
22:15
Imperial
—
| APM avg | 60.1 |
| APM peak | 92 |
| eAPM avg | 20.7 |
| Villagers / military | 50 / 31 |
Focus
⚔️ 31.9% · 🌾 68.1%
Archer ×27 · Militia ×4
Match map
Initial resources + every placement click. Lines = walls · curves = elevation contours. ◆ gold · ⬟ stone · ● berries · ✦ relic · ◌ wall gap
Your base· Open — unwalled flank
Killing_Bambi's base· Open — 6t gap
Smoothed initial terrain · ◌ = detected wall gap · hover for details
Inputs per minute
— Snootydoor8937 - - Killing_Bambi
Build order — Snootydoor8937
First 150 of 153 actions detected
| 0:01 | Queue | Villager (Male) |
| 0:02 | Build | House |
| 0:03 | Queue | Villager (Male) |
| 0:04 | Build | House |
| 0:16 | Queue | Villager (Male) |
| 0:19 | Queue | Villager (Male) |
| 1:34 | Queue | Villager (Male) |
| 1:34 | Queue | Villager (Male) |
| 1:34 | Queue | Villager (Male) |
| 2:04 | Queue | Villager (Male) |
| 2:07 | Research | Loom |
| 2:37 | Queue | Villager (Male) |
| 2:37 | Queue | Villager (Male) |
| 2:38 | Queue | Villager (Male) |
| 2:44 | Build | Lumber Camp |
| 2:59 | Queue | Villager (Male) |
| 2:59 | Queue | Villager (Male) |
| 3:13 | Queue | Villager (Male) |
| 3:13 | Queue | Villager (Male) |
| 3:14 | Queue | Villager (Male) |
| 3:35 | Queue | Villager (Male) |
| 3:44 | Queue | Villager (Male) |
| 3:44 | Queue | Villager (Male) |
| 4:06 | Queue | Villager (Male) |
| 4:06 | Queue | Villager (Male) |
| 4:06 | Queue | Villager (Male) |
| 4:43 | Queue | Villager (Male) |
| 4:45 | Build | House |
| 4:52 | Research | Loom |
| 5:18 | Queue | Villager (Male) |
| 5:41 | Queue | Villager (Male) |
| 5:47 | Build | Mill |
| 6:05 | Queue | Villager (Male) |
| 6:06 | Queue | Villager (Male) |
| 6:36 | Queue | Villager (Male) |
| 7:02 | Research | Feudal Age |
| 7:02 | Research | Feudal Age |
| 7:02 | Research | Feudal Age |
| 8:31 | Build | House |
| 9:12 | Age | Feudal Age |
| 9:25 | Queue | Villager (Male) |
| 9:25 | Queue | Villager (Male) |
| 9:27 | Research | Double-Bit Axe |
| 10:15 | Build | Town Center |
| 11:02 | Queue | Villager (Male) |
| 11:02 | Queue | Villager (Male) |
| 11:02 | Queue | Villager (Male) |
| 11:09 | Build | House |
| 11:24 | Queue | Villager (Male) |
| 11:24 | Queue | Villager (Male) |
| 11:27 | Build | Palisade Wall |
| 12:05 | Queue | Villager (Male) |
| 12:05 | Queue | Villager (Male) |
| 12:24 | Queue | Villager (Male) |
| 12:25 | Queue | Villager (Male) |
| 12:25 | Queue | Villager (Male) |
| 13:04 | Build | House |
| 13:08 | Build | House |
| 13:29 | Queue | Villager (Male) |
| 14:03 | Build | Town Center |
| 14:51 | Queue | Villager (Male) |
| 15:29 | Queue | Villager (Male) |
| 16:04 | Queue | Villager (Male) |
| 16:06 | Build | Farm |
| 16:07 | Build | Farm |
| 16:14 | Queue | Villager (Male) |
| 16:24 | Build | Barracks |
| 16:27 | Build | House |
| 16:28 | Build | House |
| 16:33 | Build | Farm |
| 16:35 | Build | Farm |
| 16:36 | Queue | Villager (Male) |
| 16:39 | Build | Farm |
| 16:42 | Build | Farm |
| 17:02 | Queue | Villager (Male) |
| 17:02 | Queue | Villager (Male) |
| 17:11 | Build | Palisade Wall |
| 17:14 | Build | Palisade Wall |
| 17:19 | Queue | Villager (Male) |
| 17:33 | Build | Farm |
| 17:37 | Build | Archery Range |
| 17:41 | Build | Palisade Wall |
| 17:51 | Build | Farm |
| 17:57 | Queue | Villager (Male) |
| 18:01 | Build | Farm |
| 18:02 | Build | Farm |
| 18:16 | Queue | Skirmisher |
| 18:16 | Queue | Skirmisher |
| 18:17 | Queue | Villager (Male) |
| 18:29 | Build | Palisade Gate |
| 18:33 | Build | Farm |
| 18:43 | Build | Farm |
| 18:53 | Queue | Skirmisher |
| 18:58 | Queue | Villager (Male) |
| 19:11 | Build | Blacksmith |
| 19:19 | Queue | Villager (Male) |
| 19:25 | Build | House |
| 19:34 | Research | Horse Collar |
| 19:34 | Research | Horse Collar |
| 19:49 | Research | Fletching |
| 19:49 | Research | Fletching |
| 20:08 | Queue | Villager (Male) |
| 20:09 | Build | Farm |
| 20:11 | Build | Farm |
| 20:12 | Build | Farm |
| 20:16 | Build | Lumber Camp |
| 20:23 | Queue | Villager (Male) |
| 20:34 | Queue | Villager (Male) |
| 20:47 | Build | House |
| 20:52 | Queue | Villager (Male) |
| 20:56 | Build | Stable |
| 21:00 | Build | Farm |
| 21:01 | Build | Farm |
| 21:15 | Build | Farm |
| 21:15 | Build | Farm |
| 21:17 | Build | Farm |
| 21:18 | Queue | Villager (Male) |
| 21:34 | Build | Mining Camp |
| 21:35 | Queue | Villager (Male) |
| 21:35 | Queue | Villager (Male) |
| 21:40 | Build | House |
| 21:40 | Build | House |
| 21:41 | Build | House |
| 22:08 | Research | Scale Barding Armor |
| 22:09 | Research | Scale Barding Armor |
| 22:21 | Build | House |
| 22:22 | Build | House |
| 22:23 | Queue | Villager (Male) |
| 22:26 | Queue | Villager (Male) |
| 22:26 | Queue | Villager (Male) |
| 22:32 | Build | Market |
| 22:38 | Queue | Villager (Male) |
| 22:39 | Queue | Villager (Male) |
| 22:51 | Queue | Villager (Male) |
| 23:00 | Queue | Villager (Male) |
| 23:03 | Build | Farm |
| 23:03 | Build | Farm |
| 23:41 | Build | House |
| 23:43 | Build | Palisade Wall |
| 23:52 | Queue | Scout Cavalry |
| 23:52 | Queue | Scout Cavalry |
| 23:57 | Queue | Villager (Male) |
| 24:07 | Build | Market |
| 24:10 | Queue | Scout Cavalry |
| 24:10 | Queue | Scout Cavalry |
| 24:16 | Build | Stable |
| 24:26 | Build | Lumber Camp |
| 24:28 | Queue | Scout Cavalry |
| 24:53 | Build | Watch Tower |
| 25:10 | Queue | Scout Cavalry |
Build order — Killing_Bambi
140 actions detected in the replay
| 0:00 | Queue | Villager (Male) |
| 0:00 | Queue | Villager (Male) |
| 0:01 | Queue | Villager (Male) |
| 0:02 | Build | House |
| 0:03 | Build | House |
| 0:04 | Queue | Villager (Male) |
| 1:27 | Queue | Villager (Male) |
| 1:57 | Queue | Villager (Male) |
| 2:13 | Queue | Villager (Male) |
| 2:18 | Build | Lumber Camp |
| 2:51 | Queue | Villager (Male) |
| 3:13 | Queue | Villager (Male) |
| 3:17 | Build | House |
| 3:31 | Queue | Villager (Male) |
| 3:56 | Queue | Villager (Male) |
| 3:56 | Queue | Villager (Male) |
| 4:14 | Queue | Villager (Male) |
| 4:35 | Queue | Villager (Male) |
| 5:26 | Queue | Villager (Male) |
| 5:27 | Research | Loom |
| 5:41 | Build | Barracks |
| 6:25 | Build | House |
| 6:40 | Research | Feudal Age |
| 7:04 | Queue | Militia |
| 7:04 | Queue | Militia |
| 7:20 | Queue | Militia |
| 7:35 | Build | Mining Camp |
| 7:59 | Queue | Militia |
| 8:07 | Queue | Villager (Male) |
| 8:53 | Age | Feudal Age |
| 8:56 | Research | Man-at-Arms (upgrade) |
| 8:56 | Research | Man-at-Arms (upgrade) |
| 8:59 | Build | Archery Range |
| 9:27 | Queue | Villager (Male) |
| 9:32 | Queue | Villager (Male) |
| 10:03 | Queue | Villager (Male) |
| 10:11 | Build | House |
| 10:14 | Build | House |
| 10:36 | Queue | Villager (Male) |
| 11:14 | Build | Mill |
| 12:00 | Queue | Archer |
| 12:00 | Queue | Archer |
| 12:00 | Queue | Archer |
| 12:06 | Queue | Villager (Male) |
| 12:11 | Build | Palisade Wall |
| 12:14 | Build | Palisade Wall |
| 12:17 | Build | Palisade Wall |
| 12:20 | Build | Palisade Wall |
| 12:34 | Queue | Villager (Male) |
| 12:54 | Queue | Villager (Male) |
| 13:09 | Queue | Villager (Male) |
| 13:26 | Queue | Villager (Male) |
| 13:41 | Queue | Villager (Male) |
| 13:48 | Build | Palisade Wall |
| 13:52 | Queue | Villager (Male) |
| 13:54 | Build | House |
| 14:10 | Queue | Villager (Male) |
| 14:14 | Build | House |
| 14:14 | Build | House |
| 14:28 | Queue | Villager (Male) |
| 14:33 | Queue | Villager (Male) |
| 14:40 | Queue | Archer |
| 14:41 | Queue | Archer |
| 14:44 | Queue | Villager (Male) |
| 15:04 | Queue | Villager (Male) |
| 15:27 | Queue | Villager (Male) |
| 15:27 | Queue | Villager (Male) |
| 15:35 | Queue | Archer |
| 15:45 | Queue | Archer |
| 16:44 | Research | Double-Bit Axe |
| 17:19 | Build | House |
| 17:32 | Queue | Archer |
| 17:32 | Queue | Archer |
| 17:58 | Queue | Archer |
| 18:14 | Queue | Villager (Male) |
| 18:17 | Build | Market |
| 18:22 | Queue | Archer |
| 18:29 | Queue | Villager (Male) |
| 18:54 | Queue | Villager (Male) |
| 19:01 | Build | Blacksmith |
| 19:07 | Queue | Villager (Male) |
| 19:12 | Build | Farm |
| 19:33 | Research | Castle Age |
| 19:39 | Build | House |
| 19:44 | Build | Archery Range |
| 19:49 | Queue | Villager (Male) |
| 19:52 | Build | Farm |
| 19:53 | Build | Farm |
| 20:02 | Queue | Archer |
| 20:16 | Build | Farm |
| 20:18 | Build | Farm |
| 20:25 | Queue | Archer |
| 20:27 | Build | House |
| 20:34 | Build | Farm |
| 20:36 | Build | Farm |
| 20:39 | Queue | Archer |
| 20:56 | Build | Farm |
| 21:02 | Build | Farm |
| 21:04 | Build | Farm |
| 21:10 | Build | House |
| 21:12 | Build | Palisade Wall |
| 21:17 | Build | Palisade Wall |
| 21:21 | Queue | Archer |
| 21:21 | Queue | Archer |
| 21:35 | Research | Fletching |
| 21:40 | Build | Farm |
| 21:45 | Queue | Archer |
| 22:15 | Age | Castle Age |
| 22:19 | Research | Crossbowman (upgrade) |
| 22:19 | Research | Crossbowman (upgrade) |
| 22:24 | Build | Farm |
| 22:26 | Build | Farm |
| 22:30 | Queue | Villager (Male) |
| 22:32 | Build | Farm |
| 22:38 | Queue | Archer |
| 22:38 | Queue | Archer |
| 22:48 | Queue | Villager (Male) |
| 23:07 | Queue | Villager (Male) |
| 23:13 | Queue | Villager (Male) |
| 23:36 | Queue | Villager (Male) |
| 23:39 | Queue | Archer |
| 23:39 | Queue | Archer |
| 23:44 | Build | Town Center |
| 24:13 | Research | Bodkin Arrow |
| 24:13 | Research | Bodkin Arrow |
| 24:15 | Queue | Villager (Male) |
| 24:47 | Queue | Archer |
| 24:47 | Queue | Archer |
| 24:48 | Queue | Villager (Male) |
| 24:51 | Build | House |
| 25:00 | Build | Town Center |
| 25:17 | Queue | Archer |
| 25:17 | Queue | Archer |
| 25:19 | Queue | Villager (Male) |
| 25:26 | Research | Bow Saw |
| 25:37 | Queue | Villager (Male) |
| 25:52 | Queue | Archer |
| 25:52 | Queue | Archer |
| 25:53 | Queue | Villager (Male) |
| 25:53 | Queue | Villager (Male) |
Match timeline
| 5:41 | Killing_Bambi · first_building Barracks |
| 8:53 | Killing_Bambi · age_up feudal |
| 8:59 | Killing_Bambi · first_building Archery Range |
| 9:12 | Snootydoor8937 · age_up feudal |
| 11:27 | Snootydoor8937 · wall_segment Palisade Wall x1 |
| 12:11 | Killing_Bambi · wall_segment Palisade Wall x5 |
| 12:14 | Killing_Bambi · wall_segment Palisade Wall x6 |
| 12:17 | Killing_Bambi · wall_segment Palisade Wall x5 |
| 12:20 | Killing_Bambi · wall_segment Palisade Wall x5 |
| 13:48 | Killing_Bambi · wall_segment Palisade Wall x1 |
| 16:24 | Snootydoor8937 · first_building Barracks |
| 17:11 | Snootydoor8937 · wall_segment Palisade Wall x1 |
| 17:14 | Snootydoor8937 · wall_segment Palisade Wall x2 |
| 17:37 | Snootydoor8937 · first_building Archery Range |
| 17:41 | Snootydoor8937 · wall_segment Palisade Wall x1 |
| 19:26 | Killing_Bambi · first_market_sell 100 stone |
| 19:27 | Killing_Bambi · first_market_buy 100 food |
| 20:56 | Snootydoor8937 · first_building Stable |
| 21:12 | Killing_Bambi · wall_segment Palisade Wall x1 |
| 21:17 | Killing_Bambi · wall_segment Palisade Wall x5 |
| 22:15 | Killing_Bambi · age_up castle |
| 23:43 | Snootydoor8937 · wall_segment Palisade Wall x1 |
| 24:45 | Snootydoor8937 · first_market_sell 100 wood |
| 24:47 | Snootydoor8937 · first_market_buy 100 stone |
| 25:59 | Snootydoor8937 · resign |
[ AI ANALYSIS · 1 CREDIT ]
What really happened in this match?
Wolo.gg analyzes every decision: build order, eco, micro, common mistakes by bracket. Personalized analysis on WhatsApp or Discord in 30 seconds.
Civ guide
Cumans
Perfil
Jugador #2281589